 Dungeon Crawl Stone Soup version 0.25.1-8-g42b30a86e7 (webtiles) character file.

Game seed: 8134584906729223054

1534 hawla the Conjurer (level 8, -12/57 HPs)
             Began as a Green Draconian Conjurer on Dec 7, 2020.
             Was an Initiate of Vehumet.
             Mangled by an orc warrior
             ... wielding a +0 trident
              (14 damage)
             ... on level 7 of the Dungeon.
             The game lasted 00:18:02 (8472 turns).

hawla the Conjurer (Green Draconian Conjurer)       Turns: 8472, Time: 00:18:03

Health: -12/57     AC:  7    Str: 11    XL:     8   Next: 55%
Magic:  13/17      EV: 12    Int: 17    God:    Vehumet [......]
Gold:   332        SH:  0    Dex: 12    Spells: 12/19 levels left

rFire    + . .     SeeInvis .   m - +1 quarterstaff (protect)
rCold    x . .     Gourm    .   (shield currently unavailable)
rNeg     . . .     Faith    .   (armour unavailable)
rPois    +         Spirit   .   (helmet restricted)
rElec    .         Reflect  .   (no cloak)
rCorr    .         Harm     .   l - +0 pair of gloves
MR       .....     Rnd*Tele +   (no boots)
Stlth    ++........             (no amulet)
HPRegen  0.19/turn              k - ring of fire
MPRegen  0.15/turn              g - ring of teleportation (curse)

@: no status effects
A: breathe noxious fumes, unfitting armour, poison resistance, cold-blooded, AC
+6
a: Breathe Noxious Fumes, Renounce Religion


You were on level 7 of the Dungeon.
You worshipped Vehumet.
Vehumet was noncommittal.
You were not hungry.

You visited 2 branches of the dungeon, and saw 8 of its levels.

You collected 332 gold pieces.

Inventory:

Hand Weapons
 m - a +1 quarterstaff of protection (weapon)
 v - a +0 quarterstaff
Missiles
 c - 7 poisoned darts
 r - 3 silver boomerangs (quivered)
Armour
 l - a +0 pair of gloves (worn)
Jewellery
 g - a cursed ring of teleportation (right hand)
 k - a ring of fire (left hand)
Scrolls
 d - 4 scrolls of enchant weapon
 f - 5 scrolls of teleportation
 i - a scroll of magic mapping
 q - 2 scrolls of identify
 t - a scroll of fog
Potions
 a - 3 potions of brilliance {unknown}
 h - 3 potions of curing {unknown}
 j - a potion of might
 n - a potion of cancellation
 s - a potion of mutation {unknown}
Comestibles
 b - 8 rations
 o - 2 chunks of flesh


   Skills:
 - Level 1.7 Dodging
 - Level 1.7 Stealth
 + Level 6.1 Spellcasting
 + Level 6.9 Conjurations
 + Level 6.4 Translocations


You had 12 spell levels left.
You knew the following spells:

 Your Spells              Type           Power        Failure   Level  Hunger
a - Magic Dart            Conj           ####         1%          1    None
b - Searing Ray           Conj           ####..       1%          2    None
c - Iskenderun's Mystic   Conj/Tloc      ####....     9%          4    ####...

Your spell library contained the following spells:

 Spells                   Type           Power        Failure   Level  Hunger
 Dazzling Flash           Conj/Hex       ###...       9%          3    ##.....
 Fulminant Prism          Conj/Hex       ###.......   30%         4    ####...


Dungeon Overview and Level Annotations

Branches:
Dungeon (7/15)             Temple (1/1) D:6

Altars:
Dithmenos
Fedhas
Hepliaklqana
Kikubaaqudgha
Nemelex Xobeh
Okawaru
Qazlal
Ru
Trog
Uskayaw
Vehumet
Wu Jian
Xom
Yredelemnul
Zin

Shops:
D:4 }

Annotations:
D:4 1 runed translucent door, Crazy Yiuf


Innate Abilities, Weirdness & Mutations

You can breathe blasts of noxious fumes.
Your lurid green scales are hard. (AC +6)
You cannot fit into any form of body armour.
Your system is resistant to poisons. (rPois)
You are cold-blooded and may be slowed by cold attacks.


Message History

The orc warrior hits you with a +0 trident!
Casting: Searing Ray (safe; 1% risk of failure)
Confirm with . or Enter, or press ? or * to list all spells.
You erupt in a blast of force!
The mystic blast misses the orc warrior.
The mystic blast hits the orc.
The orc is severely wounded.
The orc is knocked back by the mystic blast.
The orc slams into the rock wall!
You kill the orc!
Vehumet accepts your kill.
You hear a shout!
The orc warrior hits you with a +0 trident!!
* * * LOW HITPOINT WARNING * * *
An ogre comes into view. It is wielding a +0 giant club.
The orc warrior completely misses you.
Things that are here:
a +0 mace; an orc corpse The orc warrior hits you from afar with a +0 trident!
You die... #o..# #.o.# #...# #...# #.$.# ) . #.. .. #....##### ... #...O>.@)# oo.

###.####.##
..
#)o#.###..
##?.......
#...####...
....###
#..## ...
..


You could see an orc warrior and an ogre.

Vanquished Creatures
  Pikel (D:5)
  Eustachio (D:4)
  An ogre (D:5)
  A sky beast (D:6)
  3 slaves (D:5)
  A centaur (D:5)
  A bullfrog (D:6)
  2 scorpions (D:6)
  A crimson imp (D:5)
  A centaur skeleton (D:4)
  2 hounds
  A bullfrog skeleton (D:4)
  4 iguanas
  Natasha (twice) (D:3)
  2 worker ants
  A killer bee zombie (D:5)
  A hound skeleton (D:5)
  A worker ant zombie (D:5)
  4 adders
  An ooze (D:4)
  4 worms
  A leopard gecko (D:1)
  11 orcs
  6 bats
  4 giant cockroaches
  9 hobgoblins
  6 kobolds
  2 quokkas
  3 ball pythons
  5 frilled lizards
  7 goblins
  A jackal skeleton (D:7)
  A leopard gecko zombie (D:5)
  A quokka skeleton (D:5)
  2 quokka zombies (D:5)
  7 rats
102 creatures vanquished.

Vanquished Creatures (others)
  Natasha (D:3)
  An orc (D:3)
  A ball python (D:3)
3 creatures vanquished.

Grand Total: 105 creatures vanquished

Notes
Turn   | Place    | Note
-------+----------+-------------------------------------------
     0 | D:1      | hawla the Draconian Conjurer began the quest for the Orb.
     0 | D:1      | Reached XP level 1. HP: 14/14 MP: 3/3
   274 | D:1      | Reached XP level 2. HP: 20/20 MP: 1/5
   278 | D:1      | Learned a level 2 spell: Searing Ray
  1538 | D:2      | Reached XP level 3. HP: 13/26 MP: 2/7
  1754 | D:2      | Found a blossoming altar of Fedhas.
  2294 | D:2      | Found a stormy altar of Qazlal.
  2498 | D:3      | Reached XP level 4. HP: 33/33 MP: 5/8
  2691 | D:3      | Noticed Natasha
  2696 | D:3      | Killed Natasha
  2696 | D:3      | Reached skill level 5 in Conjurations
  2715 | D:3      | Killed Natasha
  2734 | D:3      | Learned a level 4 spell: Iskenderun's Mystic Blast
  3065 | D:3      | Noticed Natasha
  3071 | D:3      | Killed Natasha
  3071 | D:3      | Reached skill level 1 in Translocations
  3246 | D:3      | Found a radiant altar of Vehumet.
  3360 | D:3      | Became a worshipper of Vehumet
  3888 | D:4      | Reached XP level 5. HP: 38/38 MP: 5/10
  4455 | D:4      | Reached XP level 6. HP: 36/45 MP: 0/12
  4878 | D:4      | Found a runed translucent door.
  4879 | D:4      | Noticed Crazy Yiuf
  4933 | D:4      | Noticed Eustachio
  5238 | D:4      | Killed Eustachio
  5304 | D:4      | Found Eci Ikk's Gadget Boutique.
  5469 | D:5      | Entered Level 5 of the Dungeon
  5592 | D:5      | Your scales start taking on a lurid green colour.
  5592 | D:5      | Reached XP level 7. HP: 28/50 MP: 3/13
  5592 | D:5      | Gained mutation: Your system is resistant to poisons.
                  | (rPois) [Green Draconian growth]
  6402 | D:5      | Found a shimmering altar of Xom.
  6501 | D:5      | Noticed Pikel
  6524 | D:5      | Killed Pikel
  6524 | D:5      | Reached skill level 5 in Spellcasting
  6524 | D:5      | Reached skill level 5 in Translocations
  6524 | D:5      | Reached XP level 8. HP: 27/57 MP: 2/16
  7396 | D:6      | Found a staircase to the Ecumenical Temple.
  7419 | Temple   | Entered the Ecumenical Temple
  8470 | D:7      | HP: 1/57 [orc warrior/+0 trident (20)]
  8472 | D:7      | Mangled by an orc warrior

Illustrated notes

Levels and vault maps discovered:
D:1:      dpeg_arrival_erosion, layout_basic
D:2:      layout_rooms, grunt_temple_overflow_forces_of_nature
D:3:      layout_loops_ring, fiery_altar_vehumet, minivault_11, uniq_natasha
D:4:      layout_loops_ring, serial_shops, shop, item_on_display_a,
          uniq_eustachio, uniq_crazy_yiuf_cottage
D:5:      layout_basic, basic_altar, first_ration, serial_undead,
          serial_undead_f, serial_undead_b, serial_undead_a, serial_undead_f,
          st_stairs_4, uniq_pikel
D:6:      layout_loops_ring, temple_pool_b
D:7:      layout_rooms, kennysheep_mini,
          chequers_temple_overflow_statue_of_worship, kb_xom_exploding_sheep,
          uniq_harold
Temple:   jpeg_temple_clearing

Skill      XL: |  1  2  3  4  5  6  7  8 |
---------------+-------------------------+-----
Spellcasting   | 3 4 5 6 |  6.1
Conjurations   | 5 6 |  6.9
Translocations | 1 3 4 5 6 |  6.4
Dodging        | |  1.7
Stealth        | |  1.7

Action                   |  1- 3 |  4- 6 |  7- 9 || total
-------------------------+-------+-------+-------++-------
Melee: Unarmed           |    18 |    24 |       ||    42
       Quarterstaff      |       |       |     5 ||     5
       Tailslap          |       |       |     1 ||     1
Throw: Boomerang         |       |       |    14 ||    14
       Dart              |       |       |     1 ||     1
 Cast: Magic Dart        |    55 |    33 |     9 ||    97
       Searing Ray       |    18 |    27 |    27 ||    72
       Iskenderun's Myst |       |       |     3 ||     3
 Abil: Breathe Noxious F |       |       |     1 ||     1
  Use: Scroll            |     4 |     2 |     7 ||    13
       Potion            |       |       |     3 ||     3
  Eat: Chunk             |     6 |     5 |     5 ||    16
       Ration            |       |     2 |     1 ||     3
Armor: Skin              |     6 |    25 |    16 ||    47
Dodge: Dodged            |    23 |    43 |    39 ||   105
